 Dungeon Crawl Stone Soup version 0.17-a0-1447-g3d113ad (webtiles) character file.

6651 Chiseanne the Thrower (level 10, -8/136 HPs)
             Began as a Grey Draconian Hunter on June 29, 2015.
             Was an Initiate of Gozag.
             Mangled by an orc warrior
             ... wielding a +0 flail
              (13 damage)
             ... on level 1 of the Orcish Mines.
             The game lasted 00:45:32 (16312 turns).

Chiseanne the Thrower (Grey Draconian Hunter)      Turns: 16312, Time: 00:45:32

Health: -8/136     AC: 30    Str: 15    XL:     10   Next: 72%
Magic:  10/10      EV:  2    Int: 12    God:    Gozag
Gold:   836        SH:  0    Dex: 19    Spells: 0 memorised, 9 levels left

rFire  + . .     SeeInvis .     a - +2 glaive (protect)
rCold  + . .     Clarity  .     (armour unavailable)
rNeg   + + +     SustAt   .     (no shield)
rPois  +         Gourm    .     (helmet currently unavailable)
rElec  .         Spirit   .     (cloak currently unavailable)
rCorr  .         Warding  .     (gloves currently unavailable)
rMut   .         NoTele   +     (boots currently unavailable)
MR     .....                    (no amulet)
Stlth  +++.......               l - ring of protection from cold
                                e - ring of protection from fire

@: agile, tree-form, not resistant to hostile enchantments, fairly stealthy
A: (walk through water), unfitting armour, (unbreathing), (cold-blooded), AC +12
a: Potion Petition, Call Merchant, Bribe Branch, Renounce Religion


You were on level 1 of the Orcish Mines.
You worshipped Gozag.
Gozag was noncommittal.
You were not hungry.
You were a tree.
You visited 2 branches of the dungeon, and saw 11 of its levels.

You collected 2697 gold pieces.
You spent 1230 gold pieces at shops.
You paid 631 gold pieces to Gozag.

Inventory:

Hand weapons
 a - a +2 glaive of protection (weapon)
 s - a +1 dagger of speed
 w - the +3 blowgun of the Jolly Wars {speed, +Fly Dex+6 Stlth-}
   (You bought it in a shop on level 10 of the Dungeon)

   Attacks with this weapon are significantly faster.
   It affects your dexterity (+6).
   It lets you fly.
   It makes you less stealthy.
Missiles
 b - 6 tomahawks
 c - 27 steel bolts
 f - 15 bolts of frost
 g - 86 arrows
 k - 2 curare-tipped needles
 o - 3 throwing nets
 x - 79 sling bullets
 B - 48 poisoned needles
 D - 16 exploding sling bullets
 G - 12 bolts
 M - a javelin (quivered)
Armour
 O - a +0 pair of boots of flying (melded)
 P - a +2 cloak (melded)
Jewellery
 e - a ring of protection from fire (left branch)
 l - a ring of protection from cold (right branch)
 m - an uncursed ring of positive energy
Magical devices
 y - a wand of confusion (15)
Scrolls
 n - 3 scrolls of teleportation
 r - a scroll of amnesia
 u - a scroll of recharging
 A - a scroll of immolation
 E - 3 scrolls of remove curse
 F - a scroll of blinking
 H - a scroll of fear
 I - 3 scrolls of fog
 J - a scroll of enchant armour
 N - a scroll of identify
Potions
 i - 3 potions of flight
 p - a potion of might
 q - a potion of agility
 t - 2 potions of lignification
 v - a potion of curing
 z - a potion of haste
 C - a potion of resistance {unknown}
Books
 h - a book of Envenomations

   Spells                             Type                      Level
   a - Spider Form                    Transmutation/Poison         3
   b - Alistair's Intoxication        Transmutation/Poison         4
   c - Olgreb's Toxic Radiance        Poison                       4
   d - Poisonous Cloud                Conjuration/Poison/Air       6
Comestibles
 d - 8 bread rations
 j - 5 meat rations
 L - 3 royal jellies


   Skills:
 + Level 9.2 Fighting
 * Level 11.3 Throwing
 + Level 7.6 Dodging
 - Level 0.8 Stealth


You had 9 spell levels left.
You didn't know any spells.

Dungeon Overview and Level Annotations

Branches:
Dungeon (10/15)            Temple (0/1) D:7             Orc (1/4) D:10
   Lair: D:8-11

Altars:
Ashenzari
Dithmenos
Gozag
Makhleb
Okawaru
Vehumet
Zin

Shops:
D:6 *   D:7 *   D:10 [(

Annotations:
D:4 afx's ghost, average TrMo


Innate Abilities, Weirdness & Mutations

((You can walk through water.))
((Your dull iron-grey scales are very hard (AC +12).))
Your body does not fit into most forms of armour.
((You can survive without breathing.))
((You are cold-blooded and may be slowed by cold attacks.))


Message History

Something hits you but does no damage.
You miss something.
The orc warrior hits you but does no damage.
Something hits you.
* * * LOW HITPOINT WARNING * * *
The orc warrior hits you but does no damage.
Something hits you but does no damage.
You barely miss something. Something hits you but does no damage.
The orc warrior hits you but does no damage.
You closely miss something. Something hits you but does no damage.
The orc warrior hits you but does no damage.
Something hits you but does no damage. The orc warrior hits you with a flail!
* * * LOW HITPOINT WARNING * * *
You barely miss something. Something hits you but does no damage.
The orc warrior hits you with a flail.
* * * LOW HITPOINT WARNING * * *
Something hits you but does no damage.
You barely miss something. The orc warrior hits you with a flail!
You die...
Your body crumbles into a pile of gold.

....##...............
....#................
.....)............... #
..................... $#
...............#..#....#
...........#...###....
.................##.##
...........$$..{o$...#
....#.#..#.#..##♣##.##
#......#...$.$#### #
..... #......## ...
....#..## ... ....... ..
#...... ##...#. .....#
#.#


You could see an orc warrior.

Vanquished Creatures
  An ugly thing (D:9)
  A queen bee (D:9)
  A two-headed ogre (D:9)
  Grinder (D:5)
  2 wyverns
  A hungry ghost (D:9)
  A steam dragon (D:8)
  A water moccasin (D:9)
  2 phantoms
  5 orc warriors
  2 sky beasts
  3 black bears
  5 ogres
  4 ice beasts
  5 giant frogs
  17 killer bees (D:9)
  5 scorpions
  5 crimson imps
  2 centaur zombies
  A wasp zombie (D:9)
  A gnoll shaman (D:8)
  6 hounds
  7 orc priests
  4 orc wizards
  2 giant frog skeletons
  5 iguanas
  2 centaur skeletons
  5 worker ants
  14 gnolls
  13 adders
  3 oozes
  An adder zombie (D:6)
  8 worms
  7 giant geckos
  55 orcs
  2 ball pythons
  2 bat skeletons
  7 giant cockroaches
  25 hobgoblins
  7 jackals
  32 kobolds
  A quokka (D:5)
  15 bats
  7 giant newts
  23 goblins
  A quokka skeleton (D:7)
  A quokka zombie (D:5)
  15 rats
  A fungus (D:8)
337 creatures vanquished.

Notes
Turn   | Place    | Note
--------------------------------------------------------------
     0 | D:1      | Chiseanne the Draconian Hunter began the quest for the Orb.
     0 | D:1      | Reached XP level 1. HP: 17/17 MP: 1/1
   382 | D:1      | Reached XP level 2. HP: 22/25 MP: 2/2
   639 | D:1      | Reached skill level 4 in Throwing
   887 | D:1      | Reached XP level 3. HP: 25/30 MP: 3/3
  1701 | D:2      | Reached XP level 4. HP: 27/37 MP: 4/4
  2653 | D:3      | Found an opulent altar of Gozag.
  2769 | D:3      | Became a worshipper of Gozag Ym Sagoz the Greedy
  3141 | D:3      | Reached XP level 5. HP: 13/45 MP: 5/5
  3488 | D:3      | Reached skill level 5 in Throwing
  4261 | D:4      | Reached XP level 6. HP: 11/52 MP: 6/6
  4284 | D:3      | HP: 2/52 [poisoned by a worker ant]
  4292 | D:3      | HP: 2/52 [poisoned by a worker ant]
  4635 | D:4      | Noticed a phantom
  5020 | D:4      | Noticed afx's ghost (average TrMo)
  5225 | D:4      | Noticed a phantom
  5274 | D:4      | Killed a phantom
  5274 | D:4      | Reached skill level 6 in Throwing
  5274 | D:4      | Your scales start taking on a dull iron-grey colour.
  5274 | D:4      | Gained mutation: You can survive without breathing. [Grey Draconian growth]
  5274 | D:4      | Reached XP level 7. HP: 44/60 MP: 7/7
  5551 | D:3      | Killed a phantom
  5863 | D:4      | Reached skill level 5 in Fighting
  6255 | D:5      | Entered Level 5 of the Dungeon
  7172 | D:5      | Noticed Grinder
  7195 | D:5      | Killed Grinder
  7195 | D:5      | Reached skill level 7 in Throwing
  7195 | D:5      | Reached XP level 8. HP: 59/69 MP: 8/8
  7222 | D:5      | Found a burning altar of Makhleb.
  7911 | D:5      | Reached skill level 5 in Dodging
  9351 | D:6      | Reached skill level 8 in Throwing
  9651 | D:6      | Found Radgh's Assorted Antiques.
  9667 | D:6      | Bought a twisted cabochon ring for 155 gold pieces
  9667 | D:6      | Bought a potion of curing for 93 gold pieces
  9667 | D:6      | Bought a scroll of teleportation for 93 gold pieces
  9667 | D:6      | Bought a murky ruby potion for 27 gold pieces
  9799 | D:6      | Found a shattered altar of Ashenzari.
 10140 | D:7      | Reached XP level 9. HP: 34/78 MP: 9/9
 10507 | D:7      | Found a glowing silver altar of Zin.
 10778 | D:7      | Reached skill level 9 in Throwing
 10783 | D:7      | Found Antav's Elemental Accessories.
 10825 | D:7      | Found a staircase to the Ecumenical Temple.
 10900 | D:7      | Found a shadowy altar of Dithmenos.
 11364 | D:8      | Found a radiant altar of Vehumet.
 12358 | D:9      | Noticed a white ugly thing
 12379 | D:9      | Killed a white ugly thing
 12379 | D:9      | Reached skill level 10 in Throwing
 12787 | D:9      | Reached XP level 10. HP: 39/88 MP: 10/10
 14708 | D:9      | Found an iron altar of Okawaru.
 14890 | D:9      | Reached skill level 11 in Throwing
 14977 | D:10     | Entered Level 10 of the Dungeon
 15394 | D:10     | Found Unataucu's Weapon Boutique.
 15394 | D:10     | Found a staircase to the Orcish Mines.
 15394 | D:10     | Found Bikad's Armour Boutique.
 15599 | D:10     | Bought a +0 pair of boots of flying for 161 gold pieces
 15599 | D:10     | Bought a +2 cloak for 231 gold pieces
 15622 | D:10     | Bought the +3 blowgun of the Jolly Wars {speed, +Fly Dex+6 Stlth-} for 470 gold pieces
 15687 | Orc:1    | Entered Level 1 of the Orcish Mines
 16311 | Orc:1    | HP: 5/136 [orc warrior/flail (6)]
 16312 | Orc:1    | Mangled by an orc warrior

Vault maps used:
D:1:      dpeg_arrival_stone_temple_mockup, minivault_14
D:3:      grunt_gozag_statues
D:5:      corexii_shantytown, makhleb_blood_cavern_becter, first_bread,
          minmay_misc_feat_diagonals, uniq_grinder
D:6:      cheibrodos_ashenzari_chains, minivault_5
D:7:      kennysheep_mini_moat, nicolae_overflow_hidden_temple,
          minmay_temple_entry_enclosed_plants, nicolae_elemental_shop
D:8:      kennysheep_steamy, vehumet_crystals
D:9:      okawaru_metal_pillars_3, david_nohive_1
D:10:     grunt_lair_entry_elf_guard_hut, orc_david_3, uniq_urug
Orc:1:    lemuel_statue_altar

Action                   |  1- 3 |  4- 6 |  7- 9 | 10-12 || total
-------------------------+-------+-------+-------+-------++-------
Melee: Short sword       |    32 |       |       |       ||    32
       Dagger            |   153 |   364 |   669 |       ||  1186
       Glaive            |       |       |   150 |   275 ||   425
 Fire: Blowgun           |       |     5 |    16 |    18 ||    39
Throw: Javelin           |    21 |    17 |    35 |    11 ||    84
       Throwing net      |     5 |    11 |     8 |     3 ||    27
       Tomahawk          |       |    60 |   125 |    40 ||   225
Invok: Call Merchant     |       |       |     1 |       ||     1
Evoke: Wand              |       |       |       |     2 ||     2
  Use: Scroll            |     8 |     5 |     8 |     2 ||    23
       Potion            |       |     1 |     2 |     4 ||     7
 Stab: Sleeping          |     2 |       |     6 |     1 ||     9
       Held in net/web   |       |     2 |     2 |     1 ||     5
       Distracted        |       |       |     1 |     1 ||     2
  Eat: Chunk             |     3 |     3 |       |       ||     6
       Fruit             |       |     4 |     2 |       ||     6
       Bread ration      |       |     1 |     4 |     1 ||     6
       Beef jerky        |       |     1 |     2 |       ||     3
       Royal jelly       |       |       |     1 |     4 ||     5
       Pizza             |       |       |     1 |       ||     1
